 Dungeon Crawl Stone Soup version 0.26.1-2-gb8aa6d0 (webtiles) character file.

Game seed: 7361511291903631879

373 Geeful the Covert (level 6, -2/37 (44) HPs)
             Began as an Octopode Delver on Mar 21, 2021.
             Slain by Duvessa
             ... wielding a +5 short sword of draining
              (4 damage)
             ... on level 3 of the Dungeon.
             The game lasted 00:10:45 (3561 turns).

Geeful the Covert (Octopode Delver)                 Turns: 3561, Time: 00:10:46

HP:   -2/37 (44)    AC:  1    Str: 11    XL:     6   Next: 72%
MP:   10/10         EV: 15    Int: 14    God:
Gold: 193           SH:  5    Dex: 14    Spells: 10/10 levels left

rFire    . . .     SeeInvis +   t - +2 dagger (venom)
rCold    . . .     Faith    .   (no shield)
rNeg     . . .     Spirit   .   (helmet restricted)
rPois    +         Reflect  +   g - amulet of reflection
rElec    .         Harm     .   v - ring of see invisible
rCorr    .         Rampage  .   x - ring of poison resistance
Will     .....                  (no ring)
Stlth    +++++.....             (no ring)
HPRegen  0.12/turn              (no ring)
MPRegen  0.12/turn              (no ring)
                                (no ring)
                                (no ring)

@: hasted, heavily drained, very quick
A: almost no armour, stealthy swim, amphibious, 8 rings, constrict 8, camouflage
1, gelatinous body 1
a: no special abilities


You were on level 3 of the Dungeon.
You visited 1 branch of the dungeon, and saw 6 of its levels.
You also visited: Sewer.

You collected 193 gold pieces.

Inventory:

Hand Weapons
 a - a +0 short sword
 t - a +2 dagger of venom (weapon)
Missiles
 c - 10 poisoned darts (quivered)
Jewellery
 g - an amulet of reflection (around mantle)
 v - a ring of see invisible (left tentacle)
 w - an uncursed ring of ice
 x - a ring of poison resistance (right tentacle)
Wands
 f - a wand of digging (3)
Scrolls
 b - 3 scrolls of fog
 d - 4 scrolls of fear
 j - 2 scrolls of remove curse
 l - 2 scrolls of blinking
 n - 3 scrolls of teleportation
Potions
 e - a potion of haste
 h - 2 potions of curing {unknown}
 i - 4 potions of heal wounds
 k - a potion of brilliance {unknown}
 m - 5 potions of flight
 o - a potion of might {unknown}
 p - a potion of magic {unknown}
 q - a potion of lignification {unknown}
 r - 2 potions of mutation {unknown}
 s - 2 potions of attraction {unknown}
 u - 2 potions of berserk rage {unknown}
 z - a potion of degeneration {unknown}


   Skills:
 + Level 4.4 Fighting
 - Level 2.0 Short Blades
 + Level 3.8 Dodging
 + Level 8.1 Stealth
 + Level 2.7 Spellcasting


You had 10 spell levels left.
You didn't know any spells.
Your spell library was empty.

Dungeon Overview and Level Annotations

Branches:
Dungeon (6/15)              Sewer (visited)
 Temple: D:4-7

Altars:
Gozag
Zin

Shops:
D:5 *

Annotations:
D:3 Duvessa
D:4 exclusion: gnoll
D:5 exclusion: ogre


Innate Abilities, Weirdness & Mutations

You cannot wear most types of armour.
You are very stealthy in the water. (Stealth+)
You are amphibious.
You can wear up to eight rings at the same time.
You can use your tentacles to constrict eight enemies at once.
Your skin changes colour to match your surroundings (Stealth+).
Your rubbery body absorbs attacks. (AC +1, EV +1)


Message History

Duvessa rages.
Duvessa rages.
Duvessa rages.
Duvessa is no longer berserk.
Throw: 11 darts (poison)
Press: ? - help, Q - select action Shift-Dir - straight line, f - Duvessa
Aim: Duvessa, wielding a +5 short sword of draining and wearing a +0 scale mail (slow, 68% to hit)
You throw a poisoned dart. The poisoned dart hits Duvessa.
Duvessa is poisoned.
You hit Duvessa but do no damage.
Duvessa looks even sicker.
Your grab misses Duvessa. You hit Duvessa. You grab Duvessa.
Duvessa is lightly wounded.
You constrict Duvessa. You hit Duvessa but do no damage.
Duvessa looks as sick as possible!
Duvessa is lightly wounded.
You constrict Duvessa.
Duvessa hits you with a +5 short sword of draining!
* * * LOW HITPOINT WARNING * * *
You feel drained.
You die...

##############
######............#
##.................##############
.+............(e@...........>....
##.................###.#####.####
######.............# #.# #...<#
######.......####### #.# #..##.
................## #.# #.....
######.......##..# #.#####..##. #
#.......###.## #...........
######.......# #..# #######.####
##...#.......# ##.## #.#...


You could see Duvessa (extremely poisoned, slow).

Vanquished Creatures
  A big kobold (Sewer)
  Dowan (D:4)
  5 river rats
  8 adders
  5 oozes
  7 worms
  2 dart slugs (D:2)
  2 leopard geckos (D:2)
  3 orcs (D:3)
  5 ball pythons
  3 giant cockroaches
  4 goblins
  10 hobgoblins
  10 jackals (D:1)
  17 kobolds
  4 bats
  5 frilled lizards
  9 rats
101 creatures vanquished.

Notes
Turn   | Place    | Note
-------+----------+-------------------------------------------
     0 | D:5      | Geeful the Octopode Delver began the quest for the Orb.
     0 | D:5      | Reached XP level 1. HP: 16/16 MP: 1/1
    11 | D:6      | Noticed a worker ant
    93 | D:5      | Noticed an ogre
   158 | D:5      | Found Koduah's General Store.
   172 | D:5      | Noticed a scorpion
   421 | D:3      | Reached XP level 2. HP: 21/21 MP: 2/2
   443 | D:3      | Reached skill level 1 in Spellcasting
   443 | D:3      | Reached XP level 3. HP: 26/26 MP: 2/4
   445 | D:3      | Reached skill level 7 in Stealth
   445 | D:3      | Found a glowing drain.
   450 | Sewer    | Entered a sewer
   483 | Sewer    | Reached XP level 4. HP: 31/31 MP: 6/6
   806 | Sewer    | Noticed a big kobold
   835 | Sewer    | Killed a big kobold
   836 | Sewer    | Reached XP level 5. HP: 20/37 MP: 6/8
  1379 | D:1      | Reached XP level 6. HP: 43/43 MP: 9/9
  2994 | D:3      | Reached skill level 8 in Stealth
  3188 | D:3      | Found a faded altar of an unknown god.
  3353 | D:3      | Found a glowing silver altar of Zin.
  3353 | D:3      | Found an opulent altar of Gozag.
  3523 | D:4      | Noticed Duvessa
  3523 | D:4      | Noticed Dowan
  3526 | D:4      | Killed Dowan
  3561 | D:3      | Slain by Duvessa

Illustrated notes

Levels and vault maps discovered:
D:1:      minmay_arrival_solitary_statue, layout_loops_ring,
          minmay_crystal_water
D:2:      layout_loops_cross
D:3:      layout_basic, grunt_temple_overflow_gold_and_silver,
          lightli_sewer_entry_pipes, chequers_ecumenical_altar_grove
D:4:      layout_loops_ring, uniq_duvessa
D:5:      wander_guarded_unrand_ratskin, layout_gridville, serial_shops,
          shop_statue, minmay_increasing_density
D:6:      layout_loops_ring, trog_ov_bears_minmay,
          minmay_temple_entry_proselytizer

Skill      XL: |  1  2  3  4  5  6 |
---------------+-------------------+-----
Spellcasting   | 1 2 |  2.7
Stealth        | 7 8 |  8.1
Dodging        | 3 |  3.8
Fighting       | 4 |  4.4
Short Blades   | |  2.0

Action                   |  1- 3 |  4- 6 || total
-------------------------+-------+-------++-------
Melee: Short sword       |    15 |   102 ||   117
       Constrict         |     2 |    33 ||    35
       Tentacles         |     1 |    20 ||    21
       Dagger            |       |    61 ||    61
Throw: Dart              |       |     6 ||     6
  Use: Scroll            |     1 |     7 ||     8
       Potion            |       |     1 ||     1
 Stab: Sleeping          |     8 |    37 ||    45
Armor: Skin              |       |     7 ||     7
Dodge: Dodged            |     6 |    70 ||    76
Block: Other             |       |    35 ||    35
